Dernière mise à jour: 2025-12-07 16:11:59
% Time on Ice - WINNIPEG BEAVERS
Lines # - Real PCT - Wanted PCT - Time Play
Normal Forward
1 - 32% - 34% - 15:10
2 - 34% - 34% - 15:55
3 - 21% - 25% - 10:05
4 - 13% - 7% - 6:01
Normal Defense
1 - 34% - 35% - 16:03
2 - 34% - 33% - 16:08
3 - 29% - 28% - 13:53
4 - 2% - 4% - 1:07
PP Forward
1 - 60% - 52% - 4:55
2 - 40% - 48% - 3:19
PP Defense
1 - 57% - 53% - 4:42
2 - 43% - 47% - 3:32
PK Forward
1 - 31% - 51% - 1:26
2 - 69% - 49% - 3:09
PK Defense
1 - 59% - 52% - 2:41
2 - 41% - 48% - 1:54
PK3 Forward
1 - 0% - 55%
2 - 0% - 45%
PK3 Defense
1 - 0% - 55%
2 - 0% - 45%
44 Forward
1 - 73% - 52% - 1:02
2 - 27% - 48% - 0:23
44 Defense
1 - 73% - 55% - 1:02
2 - 27% - 45% - 0:23
Last Minute Offensive  - 0:00
Last Minute Defensive  - 0:00
Total
Forward - 61:25
Defense - 61:25
% Time on Ice - KANSAS CITY KILLERBEES
Lines # - Real PCT - Wanted PCT - Time Play
Normal Forward
1 - 33% - 35% - 15:23
2 - 28% - 30% - 13:09
3 - 24% - 25% - 11:23
4 - 15% - 10% - 7:01
Normal Defense
1 - 37% - 36% - 17:22
2 - 32% - 31% - 15:04
3 - 26% - 23% - 12:07
4 - 5% - 10% - 2:23
PP Forward
1 - 40% - 55% - 1:49
2 - 60% - 45% - 2:46
PP Defense
1 - 60% - 55% - 2:46
2 - 40% - 45% - 1:49
PK Forward
1 - 66% - 55% - 5:28
2 - 34% - 45% - 2:46
PK Defense
1 - 52% - 55% - 4:15
2 - 48% - 45% - 3:59
PK3 Forward
1 - 58% - 55% - 0:49
2 - 42% - 45% - 0:36
PK3 Defense
1 - 58% - 55% - 0:49
2 - 42% - 45% - 0:36
44 Forward
1 - 0% - 55%
2 - 0% - 45%
44 Defense
1 - 0% - 55%
2 - 0% - 45%
Last Minute Offensive  - 0:00
Last Minute Defensive  - 0:15
Total
Forward - 61:25
Defense - 61:25
Play-by-Play 1st period 0:01 of 1st period - Boone Jenner wins face-off versus Brayden Schenn in neutral zone. 0:26 of 1st period - Ivan Provorov is hit by Brayden Schenn and loses puck. 1:11 of 1st period - Shot by Connor Bedard. 1:11 of 1st period - Shot Misses the Net. 1:13 of 1st period - Shot by Philipp Kurashev. 1:13 of 1st period - Stopped by Logan Thompson without a rebound. 1:14 of 1st period - Sam Bennett wins face-off versus Tyler Johnson in WINNIPEG BEAVERS zone. 1:53 of 1st period - Shot by Nicholas Paul. 1:53 of 1st period - Shot Blocked by Adam Larsson. 2:09 of 1st period - Shot by Connor Bedard. 2:09 of 1st period - Goal by Connor Bedard - WINNIPEG BEAVERS : 0 - KANSAS CITY KILLERBEES : 1. 2:10 of 1st period - Connor Bedard wins face-off versus Sean Kuraly in neutral zone. 2:27 of 1st period - Shot by Philipp Kurashev. 2:27 of 1st period - Stopped by Logan Thompson without a rebound. 2:28 of 1st period - Nick Cousins wins face-off versus Morgan Barron in WINNIPEG BEAVERS zone. 3:28 of 1st period - Off-side. 3:29 of 1st period - Boone Jenner wins face-off versus Marcus Foligno in neutral zone. 3:43 of 1st period - Icing by Boone Jenner. 3:44 of 1st period - Sam Bennett wins face-off versus Boone Jenner in KANSAS CITY KILLERBEES zone. 4:03 of 1st period - Shot by Nikolaj Ehlers. 4:03 of 1st period - Shot Misses the Net. 4:09 of 1st period - Brandon Saad is hit by Boone Jenner and loses puck. 4:14 of 1st period - Shot by Alexis Lafreniere. 4:14 of 1st period - Stopped by Logan Thompson without a rebound. 4:15 of 1st period - Connor Bedard wins face-off versus Sean Kuraly in WINNIPEG BEAVERS zone. 4:38 of 1st period - Shot by Jordan Kyrou. 4:38 of 1st period - Deflect By Philipp Kurashev. 4:38 of 1st period - Stopped by Logan Thompson without a rebound. 4:39 of 1st period - Brayden Schenn wins face-off versus Tyler Johnson in WINNIPEG BEAVERS zone. 4:39 of 1st period - Brayden Schenn is hit by Nicolas Aube-Kubel. 5:00 of 1st period - Icing by Nicholas Paul. 5:01 of 1st period - Sean Kuraly wins face-off versus Tyler Johnson in KANSAS CITY KILLERBEES zone. 5:51 of 1st period - Icing by Jeremy Lauzon. 5:52 of 1st period - Sean Kuraly wins face-off versus Connor Bedard in WINNIPEG BEAVERS zone. 5:57 of 1st period - Justin Schultz is hit by Marcus Foligno. 6:25 of 1st period - Off-side. 6:26 of 1st period - Sam Bennett wins face-off versus Chris Kreider in neutral zone. 6:29 of 1st period - Boone Jenner is hit by Sam Bennett and loses puck. 6:40 of 1st period - Shot by Chris Kreider. 6:40 of 1st period - Shot Blocked by Adam Larsson. 6:42 of 1st period - Shot by Boone Jenner. 6:42 of 1st period - Shot Blocked by Adam Larsson. 7:17 of 1st period - Off-side. 7:18 of 1st period - Brayden Schenn wins face-off versus Connor Bedard in neutral zone. 7:28 of 1st period - Connor Bedard is hit by Victor Hedman and loses puck. 7:56 of 1st period - Shot by Jordan Kyrou. 7:56 of 1st period - Shot Misses the Net. 8:16 of 1st period - Shot by Morgan Barron. 8:16 of 1st period - Shot Misses the Net. 8:18 of 1st period - Shot by Mattias Ekholm. 8:18 of 1st period - Stopped by Logan Thompson without a rebound. 8:19 of 1st period - Boone Jenner wins face-off versus Nick Cousins in WINNIPEG BEAVERS zone. 8:33 of 1st period - Chris Kreider is hit by Adam Larsson and loses puck. 8:48 of 1st period - Shot by Chris Kreider. 8:48 of 1st period - Shot Misses the Net. 8:50 of 1st period - Shot by Boone Jenner. 8:50 of 1st period - Stopped by Logan Thompson with a rebound. 8:58 of 1st period - Shot by Boone Jenner. 8:58 of 1st period - Shot Misses the Net. 9:02 of 1st period - Shot by Boone Jenner. 9:02 of 1st period - Stopped by Logan Thompson with a rebound. 9:33 of 1st period - Nicolas Aube-Kubel is hit by Adam Larsson and loses puck. 9:59 of 1st period - Seth Jones is hit by K'Andre Miller and loses puck. 10:22 of 1st period - Icing by Egor Zamula. 10:23 of 1st period - Sam Bennett wins face-off versus Connor Bedard in KANSAS CITY KILLERBEES zone. 10:24 of 1st period - Shot by Nikolaj Ehlers. 10:24 of 1st period - Shot Misses the Net. 10:30 of 1st period - Shot by Philipp Kurashev. 10:30 of 1st period - Stopped by Logan Thompson without a rebound. 10:31 of 1st period - Sam Bennett wins face-off versus Boone Jenner in WINNIPEG BEAVERS zone. 10:31 of 1st period - Sam Bennett is hit by Boone Jenner. 10:42 of 1st period - Chris Kreider is hit by Jeremy Lauzon and loses puck. 10:53 of 1st period - Shot by Boone Jenner. 10:53 of 1st period - Deflect By Chris Kreider. 10:53 of 1st period - Stopped by Logan Thompson with a rebound. 10:55 of 1st period - Shot by Chris Kreider. 10:55 of 1st period - Stopped by Logan Thompson without a rebound. 10:56 of 1st period - Morgan Barron wins face-off versus Brayden Schenn in WINNIPEG BEAVERS zone. 10:59 of 1st period - Shot by MacKenzie Entwistle. 10:59 of 1st period - Shot Misses the Net. 12:15 of 1st period - Shot by Nikolaj Ehlers. 12:15 of 1st period - Shot Misses the Net. 12:17 of 1st period - Shot by Brandon Saad. 12:17 of 1st period - Shot Misses the Net. 12:19 of 1st period - Shot by Sam Bennett. 12:19 of 1st period - Stopped by John Gibson with a rebound. 12:21 of 1st period - Shot by Nikolaj Ehlers. 12:21 of 1st period - Stopped by John Gibson with a rebound. 12:43 of 1st period - Cal Clutterbuck is hit by Egor Sokolov and loses puck. 12:59 of 1st period - Shot by Marcus Foligno. 12:59 of 1st period - Stopped by John Gibson without a rebound. 13:00 of 1st period - Boone Jenner wins face-off versus Brayden Schenn in KANSAS CITY KILLERBEES zone. 13:16 of 1st period - Shot by Chris Kreider. 13:16 of 1st period - Deflect By Alexis Lafreniere. 13:16 of 1st period - Stopped by Logan Thompson with a rebound. 13:18 of 1st period - Shot by K'Andre Miller. 13:18 of 1st period - Stopped by Logan Thompson with a rebound. 14:51 of 1st period - Icing by Adam Larsson. 14:52 of 1st period - Tyler Johnson wins face-off versus Cal Clutterbuck in WINNIPEG BEAVERS zone. 14:59 of 1st period - Shot by K'Andre Miller. 14:59 of 1st period - Shot Misses the Net. 15:01 of 1st period - Shot by Sean Walker. 15:01 of 1st period - Shot Blocked by Seth Jones. 15:25 of 1st period - Shot by Tyler Johnson. 15:25 of 1st period - Stopped by Logan Thompson without a rebound. 15:26 of 1st period - Sam Bennett wins face-off versus Boone Jenner in WINNIPEG BEAVERS zone. 15:26 of 1st period - Sam Bennett is hit by Alexis Lafreniere. 15:36 of 1st period - Scott Mayfield is hit by Boone Jenner. 15:58 of 1st period - Shot by Brandon Saad. 15:58 of 1st period - Stopped by John Gibson without a rebound. 15:59 of 1st period - Philipp Kurashev wins face-off versus James van Riemsdyk in KANSAS CITY KILLERBEES zone. 16:08 of 1st period - Shot by Jordan Kyrou. 16:08 of 1st period - Shot Misses the Net. 16:46 of 1st period - Philipp Kurashev is hit by Brayden Schenn and loses puck. 17:01 of 1st period - Shot by Sam Bennett. 17:01 of 1st period - Stopped by John Gibson without a rebound. 17:02 of 1st period - Sam Bennett wins face-off versus Boone Jenner in KANSAS CITY KILLERBEES zone. 17:05 of 1st period - Shot by Nikolaj Ehlers. 17:05 of 1st period - Stopped by John Gibson without a rebound. 17:06 of 1st period - Boone Jenner wins face-off versus Sam Bennett in KANSAS CITY KILLERBEES zone. 17:32 of 1st period - Chris Kreider is hit by Jeremy Lauzon and loses puck. 18:10 of 1st period - Tyler Johnson is hit by Jeremy Lauzon and loses puck. 18:18 of 1st period - Nicholas Paul is hit by Jeremy Lauzon and loses puck. 18:24 of 1st period - Icing by Jeremy Lauzon. 18:25 of 1st period - Sam Bennett wins face-off versus Philipp Kurashev in WINNIPEG BEAVERS zone. 18:29 of 1st period - Minor Penalty to Sam Bennett for Holding Stick. 18:30 of 1st period - Brayden Schenn wins face-off versus Nicholas Paul in WINNIPEG BEAVERS zone. 19:06 of 1st period - Shot by Philipp Kurashev. 19:06 of 1st period - Goal by Philipp Kurashev - WINNIPEG BEAVERS : 0 - KANSAS CITY KILLERBEES : 2. 19:07 of 1st period - Morgan Barron wins face-off versus Brayden Schenn in neutral zone. 19:14 of 1st period - Shot by Morgan Barron. 19:14 of 1st period - Deflect By Egor Sokolov. 19:14 of 1st period - Stopped by Logan Thompson without a rebound. 19:15 of 1st period - Brayden Schenn wins face-off versus Morgan Barron in WINNIPEG BEAVERS zone. 19:15 of 1st period - Brayden Schenn is hit by Morgan Barron. 19:20 of 1st period - Off-side. 19:21 of 1st period - Brayden Schenn wins face-off versus Connor Bedard in neutral zone. 19:23 of 1st period - Jonathan Audy-Marchessault is hit by Sean Walker and loses puck. Goals for this period are 0 for WINNIPEG BEAVERS vs 2 for KANSAS CITY KILLERBEES. Shots for this period are 6 for WINNIPEG BEAVERS vs 16 for KANSAS CITY KILLERBEES. 2nd period 0:01 of 2nd period - Cal Clutterbuck wins face-off versus Tyler Johnson in neutral zone. 0:19 of 2nd period - Icing by Justin Schultz. 0:20 of 2nd period - Tyler Johnson wins face-off versus Sam Bennett in KANSAS CITY KILLERBEES zone. 0:25 of 2nd period - Shot by Nicholas Paul. 0:25 of 2nd period - Shot Blocked by Brandon Saad. 0:52 of 2nd period - Shot by Sam Bennett. 0:52 of 2nd period - Stopped by John Gibson without a rebound. 0:53 of 2nd period - Brayden Schenn wins face-off versus Boone Jenner in KANSAS CITY KILLERBEES zone. 1:00 of 2nd period - Shot by Brayden Schenn. 1:00 of 2nd period - Stopped by John Gibson with a rebound. 3:00 of 2nd period - Shot by Sam Bennett. 3:00 of 2nd period - Stopped by John Gibson with a rebound. 3:02 of 2nd period - Shot by Sam Bennett. 3:02 of 2nd period - Goal by Sam Bennett - WINNIPEG BEAVERS : 1 - KANSAS CITY KILLERBEES : 2. 3:03 of 2nd period - Tyler Johnson wins face-off versus Ryan Reaves in neutral zone. 3:06 of 2nd period - Shot by Nicolas Aube-Kubel. 3:06 of 2nd period - Goal by Nicolas Aube-Kubel - WINNIPEG BEAVERS : 1 - KANSAS CITY KILLERBEES : 3. 3:07 of 2nd period - Nick Cousins wins face-off versus Tyler Johnson in neutral zone. 3:19 of 2nd period - Shot by Nicholas Paul. 3:19 of 2nd period - Stopped by Logan Thompson without a rebound. 3:20 of 2nd period - Connor Bedard wins face-off versus Sam Bennett in WINNIPEG BEAVERS zone. 3:44 of 2nd period - Shot by Sam Bennett. 3:44 of 2nd period - Shot Misses the Net. 3:46 of 2nd period - Shot by Sam Bennett. 3:46 of 2nd period - Shot Misses the Net. 3:48 of 2nd period - Shot by Brandon Saad. 3:48 of 2nd period - Stopped by John Gibson without a rebound. 3:49 of 2nd period - Brayden Schenn wins face-off versus Tyler Johnson in KANSAS CITY KILLERBEES zone. 3:57 of 2nd period - Icing by K'Andre Miller. 3:58 of 2nd period - Tyler Johnson wins face-off versus Sean Kuraly in KANSAS CITY KILLERBEES zone. 5:00 of 2nd period - John Carlson is hit by Chris Kreider and loses puck. 5:04 of 2nd period - Cal Clutterbuck is hit by Mattias Ekholm and loses puck. 5:17 of 2nd period - Shot by Jonathan Audy-Marchessault. 5:17 of 2nd period - Shot Misses the Net. 5:34 of 2nd period - Minor Penalty to Mattias Ekholm for Roughing. 5:35 of 2nd period - Brayden Schenn wins face-off versus Nicholas Paul in KANSAS CITY KILLERBEES zone. 5:42 of 2nd period - Shot by Brayden Schenn. 5:42 of 2nd period - Deflect By Jonathan Audy-Marchessault. 5:42 of 2nd period - Shot Misses the Net. 5:44 of 2nd period - Shot by Seth Jones. 5:44 of 2nd period - Shot Misses the Net. 6:02 of 2nd period - Shot by Seth Jones. 6:02 of 2nd period - Shot Misses the Net. 6:04 of 2nd period - Shot by Brayden Schenn. 6:04 of 2nd period - Stopped by John Gibson without a rebound. 6:05 of 2nd period - Sam Bennett wins face-off versus Chris Kreider in KANSAS CITY KILLERBEES zone. 6:12 of 2nd period - Shot by John Carlson. 6:12 of 2nd period - Stopped by John Gibson without a rebound. 6:13 of 2nd period - Sam Bennett wins face-off versus Chris Kreider in KANSAS CITY KILLERBEES zone. 6:22 of 2nd period - Shot by Victor Hedman. 6:22 of 2nd period - Shot Misses the Net. 6:24 of 2nd period - Shot by John Carlson. 6:24 of 2nd period - Shot Misses the Net. 6:36 of 2nd period - Shot by Victor Hedman. 6:36 of 2nd period - Stopped by John Gibson without a rebound. 6:37 of 2nd period - Boone Jenner wins face-off versus Brayden Schenn in KANSAS CITY KILLERBEES zone. 6:57 of 2nd period - Shot by Jonathan Audy-Marchessault. 6:57 of 2nd period - Stopped by John Gibson without a rebound. 6:58 of 2nd period - Sam Bennett wins face-off versus Chris Kreider in KANSAS CITY KILLERBEES zone. 7:05 of 2nd period - Shot by Nikolaj Ehlers. 7:05 of 2nd period - Stopped by John Gibson without a rebound. 7:06 of 2nd period - Brayden Schenn wins face-off versus Chris Kreider in KANSAS CITY KILLERBEES zone. 7:09 of 2nd period - Shot by Seth Jones. 7:09 of 2nd period - Shot Misses the Net. 8:07 of 2nd period - Shot by Jordan Kyrou. 8:07 of 2nd period - Goal by Jordan Kyrou - WINNIPEG BEAVERS : 1 - KANSAS CITY KILLERBEES : 4. 8:07 of 2nd period - James Reimer enters game. 8:08 of 2nd period - Brayden Schenn wins face-off versus Tyler Johnson in neutral zone. 8:21 of 2nd period - Icing by Tyler Johnson. 8:22 of 2nd period - Sam Bennett wins face-off versus Tyler Johnson in KANSAS CITY KILLERBEES zone. 9:33 of 2nd period - Shot by Boone Jenner. 9:33 of 2nd period - Deflect By Chris Kreider. 9:33 of 2nd period - Shot Blocked by Adam Larsson. 9:35 of 2nd period - Shot by Sean Walker. 9:35 of 2nd period - Shot Blocked by Seth Jones. 9:37 of 2nd period - Shot by Alexis Lafreniere. 9:37 of 2nd period - Stopped by James Reimer with a rebound. 10:04 of 2nd period - Icing by Seth Jones. 10:05 of 2nd period - Brayden Schenn wins face-off versus Connor Bedard in WINNIPEG BEAVERS zone. 10:37 of 2nd period - Minor Penalty to Adam Larsson for Hooking. 10:38 of 2nd period - Nicholas Paul wins face-off versus Sean Kuraly in WINNIPEG BEAVERS zone. 10:41 of 2nd period - Shot